 Dungeon Sprint DCSS version 0.27.1-33-g824d729ab1 (webtiles) character file.

Game seed: 11644835556630866785

1217 manyhoops the Geomancer (level 8, -11/41 HPs)
             Began as a Deep Elf Earth Elementalist on Dec 2, 2021.
             Was a Follower of Sif Muna.
             Splashed by Sonja's acid (15 damage)
             ... in the Dungeon (Sprint I: "Red Sonja").
             The game lasted 00:02:17 (789 turns).

manyhoops the Geomancer (DEEE)                       Turns: 789, Time: 00:02:18

Health: -11/41     AC:  0    Str:  5    XL:     8   Next: 22%
Magic:  24/27      EV: 12    Int: 23    God:    Sif Muna [*.....]
Gold:   158        SH:  0    Dex: 15    Spells: 23/33 levels left

rFire    . . .     SeeInvis .   e - +3 dagger
rCold    . . .     Faith    .   (no shield)
rNeg     + . .     Spirit   .   b - +0 robe
rPois    +         Reflect  .   (no helmet)
rElec    .         Harm     .   a - +1 cloak of Autumn {rPois rN+}
rCorr    .         Rampage  .   (no gloves)
Will     .....     NoTele   +   (no boots)
Stlth    ++........             (no amulet)
HPRegen  0.13/turn              (no ring)
MPRegen  0.20/turn              (no ring)

@: corroded
A: no striking features
a: Renounce Religion, Channel Magic


You were in the Dungeon.
You worshipped Sif Muna.
Sif Muna was aware of your devotion.
You visited 1 branch You collected 405 gold pieces.
You spent 247 gold pieces at shops.

Inventory:

Hand Weapons
 e - a +3 dagger (weapon)
Missiles
 i - 41 stones
Armour
 a - the +1 cloak of Autumn (worn) {rPois rN+}
   (You bought it in a shop in the Dungeon)

   rPois:     It protects you from poison.
   rN:        It protects you from negative energy.
 b - a +0 robe (worn)
Scrolls
 h - a scroll of blinking
Potions
 c - a potion of curing
 f - 2 potions of magic


   Skills:
 - Level 2.4 Dodging
 - Level 2.4 Stealth
 + Level 13.0 Spellcasting
 * Level 5.9 Conjurations
 - Level 1.1 Transmutations
 + Level 14.9 Earth Magic


You had 23 spell levels left.
You knew the following spells:

 Your Spells              Type           Power      Damage    Failure   Level
a - Sandblast             Erth           100%       2d20      0%          1
b - Passwall              Tmut/Erth      42%        N/A       1%          2
c - Stone Arrow           Conj/Erth      100%       3d13      1%          3
d - Petrify               Tmut/Erth      51%        N/A       1%          4

Your spell library contained the following spells:

 Spells                   Type           Power      Damage    Failure   Level


Dungeon Overview and Level Annotations

Branches:
Dungeon (1/1)

Altars:
Cheibriados
Dithmenos
Elyvilon
Fedhas
Gozag
Hepliaklqana
Kikubaaqudgha
Makhleb
Nemelex Xobeh
Okawaru
Qazlal
Ru
Sif Muna
Trog
Uskayaw
Vehumet
Wu Jian
Xom
Yredelemnul
Zin
The Shining One
Jiyva
Lugonu

Shops:
D [

Annotations:
D Sonja


Message History

There is an open door, spattered with blood here.
Things that are here:
a +3 dagger; a +0 robe
e - a +3 dagger
e - a +3 dagger (weapon)
You start resting.
HP restored.
Things that are here:
a +0 dagger; a +0 robe; a kobold corpse You start resting.
Magic restored.
There is an open door here.
There is a burning altar of Makhleb here.
There is an open door here.
There is an open door here.
This spell is dangerous to cast!
Memorise Petrify, consuming 4 spell levels and leaving 23?
You start memorising the spell.
You continue memorising. x4
You finish memorising.
Spell assigned to 'd'.
You see here a +0 halberd.
You see here 20 bolts.
There is an ornate altar of the Wu Jian Council here.
You open the door.
Sonja, the Graceful Assassin comes into view.
She is wielding a +2 dagger of distortion, quivering curare-tipped darts and carrying a wand of acid (9).
Found 108 gold pieces.
Casting: Sandblast (safe; 0% risk of failure)
Confirm with . or Enter, or press ? or * to list all spells.
Aiming: Stone Arrow (safe; 1% risk of failure)
Press: ? - help, Shift-Dir - straight line, f - Sonja
Aim: Sonja, wielding a +2 dagger of distortion, quivering curare-tipped darts and carrying a wand of acid (9) (asleep, 100% to hit)
The stone arrow hits Sonja!
Sonja is heavily wounded.
Sonja zaps a wand.
The bolt of acid hits you!
You are splashed with acid!
Sonja zaps a wand.
The bolt of acid hits you.
You are splashed with acid!
* * * LOW HITPOINT WARNING * * *
Unknown command.
You feel much better.
Sonja zaps a wand.
The bolt of acid hits you!
* * * LOW HITPOINT WARNING * * *
The acid corrodes you!
You are splashed with acid!
You die...

##########################
#<.#..'..#..'..#__#.)[...#
#..)..#..').#..'..'..#...#
#..#####'#####'#__####...+
#..####..#...#)#### ####
#..#__####..##(#
#).#_____##'#_.+
#⌠⌠#_.∩...÷..._#
####_..__##_@#'#
#_____###'#.# #######
#.### $.$


$K$ ##.## #+# You could see Sonja.

Vanquished Creatures
  2 kobold demonologists (D)
  A slime creature (D)
  Sigmund (D)
  A yak (D)
  A floating eye (D)
  An ogre (D)
  A jelly (D)
  Ijyb (D)
9 creatures vanquished.

Notes
Turn   | Place    | Note
-------+----------+-------------------------------------------
     0 | D        | manyhoops the Deep Elf Earth Elementalist began the quest
                  | for the Orb.
     0 | D        | Reached XP level 1. HP: 10/10 MP: 6/6
     1 | D        | Noticed Ijyb
    14 | D        | Killed Ijyb
    15 | D        | Reached skill level 6 in Earth Magic
    15 | D        | Reached XP level 2. HP: 8/15 MP: 4/9
   197 | D        | Noticed an ogre
   210 | D        | Killed an ogre
   211 | D        | Reached skill level 9 in Earth Magic
   211 | D        | Reached XP level 3. HP: 19/19 MP: 5/13
   211 | D        | Reached XP level 4. HP: 24/24 MP: 5/15
   298 | D        | Learned a level 2 spell: Passwall
   302 | D        | Learned a level 3 spell: Stone Arrow
   306 | D        | Noticed Sigmund
   308 | D        | Killed Sigmund
   309 | D        | Reached skill level 1 in Conjurations
   309 | D        | Reached skill level 11 in Earth Magic
   309 | D        | Reached XP level 5. HP: 28/28 MP: 12/19
   372 | D        | Found an ornate altar of the Wu Jian Council.
   372 | D        | Found a shimmering blue altar of Sif Muna.
   374 | D        | Found a radiant altar of Vehumet.
   376 | D        | Reached XP level 6. HP: 32/32 MP: 18/20
   381 | D        | Became a worshipper of Sif Muna the Loreminder
   390 | D        | Found Tim Jeesuf's Antique Armour Emporium.
   390 | D        | Found an ancient bone altar of Kikubaaqudgha.
   390 | D        | Found a hazy altar of Hepliaklqana.
   390 | D        | Found a stormy altar of Qazlal.
   390 | D        | Found a hide-covered altar of Uskayaw.
   390 | D        | Found a blossoming altar of Fedhas.
   390 | D        | Found a bloodstained altar of Trog.
   390 | D        | Found an iron altar of Okawaru.
   390 | D        | Found a basalt altar of Yredelemnul.
   390 | D        | Found a glowing golden altar of the Shining One.
   390 | D        | Found a snail-covered altar of Cheibriados.
   390 | D        | Found a sacrificial altar of Ru.
   390 | D        | Found a glowing silver altar of Zin.
   390 | D        | Found a shadowy altar of Dithmenos.
   390 | D        | Found a white marble altar of Elyvilon.
   390 | D        | Noticed a yak
   396 | D        | Killed a yak
   397 | D        | Reached skill level 10 in Spellcasting
   397 | D        | Reached skill level 12 in Earth Magic
   398 | D        | Found an opulent altar of Gozag.
   411 | D        | Found a sparkling altar of Nemelex Xobeh.
   415 | D        | Bought a dazzling cloak for 247 gold pieces
   415 | D        | Identified the +1 cloak of Autumn {rPois rN+} (You bought
                  | it in a shop in the Dungeon)
   591 | D        | Found a burning altar of Makhleb.
   591 | D        | Found a viscous altar of Jiyva.
   591 | D        | Found a shimmering altar of Xom.
   591 | D        | Found a corrupted altar of Lugonu.
   591 | D        | Noticed a slime creature
   594 | D        | Killed a slime creature
   595 | D        | Reached skill level 13 in Earth Magic
   595 | D        | Reached XP level 7. HP: 33/36 MP: 13/24
   643 | D        | Noticed a kobold demonologist
   644 | D        | Reached * piety under Sif Muna
   644 | D        | Noticed a kobold demonologist
   649 | D        | Killed a kobold demonologist
   650 | D        | Reached skill level 5 in Conjurations
   650 | D        | Reached skill level 14 in Earth Magic
   652 | D        | Noticed a hellwing
   652 | D        | Killed a kobold demonologist
   653 | D        | Reached XP level 8. HP: 34/41 MP: 3/27
   782 | D        | Learned a level 4 spell: Petrify
   787 | D        | Noticed Sonja
   789 | D        | Splashed by Sonja's acid

Illustrated notes

Levels and vault maps discovered:
D:        dungeon_sprint_1 [red_sonja_temple_1, red_sonja_temple_small_1]

Skill      XL: |  1  2  3  4  5  6  7 |
---------------+----------------------+-----
Spellcasting   | 4 7 9 11 13 | 13.0
Earth Magic    | 6 9 11 13 14 | 14.9
Conjurations   | 1 3 5 |  5.9
Dodging        | |  2.4
Stealth        | |  2.4
Transmutations | |  1.1

Action                   |  1- 3 |  4- 6 |  7- 9 || total
-------------------------+-------+-------+-------++-------
Melee: Unarmed           |    10 |     1 |       ||    11
 Cast: Sandblast         |     6 |     2 |     3 ||    11
       Stone Arrow       |       |     9 |     7 ||    16
  Use: Potion            |     2 |       |     1 ||     3
Armor: Robe              |       |       |     1 ||     1
Dodge: Dodged            |     4 |     3 |     2 ||     9
